 Dungeon Crawl Stone Soup version 0.20.1-1-g8b1a95d (webtiles) character file.

14 slep the Skirmisher (level 2, 0/25 HPs)
             Began as a Demonspawn Wanderer on Oct 27, 2017.
             Slain by an adder (2 damage)
             ... on level 2 of the Dungeon.
             The game lasted 00:03:42 (725 turns).

slep the Skirmisher (Demonspawn Wanderer)            Turns: 725, Time: 00:03:43

Health: 0/25       AC:  2    Str: 12    XL:     2   Next: 31%
Magic:  0/3        EV: 11    Int: 16    God:
Gold:   70         SH:  0    Dex:  9    Spells: 3/3 levels left

rFire    . . .     SeeInvis .   m - +0 short sword
rCold    . . .     Gourm    .   (no shield)
rNeg     . . .     Faith    .   d - +0 robe
rPois    .         Spirit   +   (no helmet)
rElec    .         Reflect  .   (no cloak)
rCorr    .         Harm     .   (no gloves)
MR       .....     Rnd*Tele +   (no boots)
Stlth    +.........             (no amulet)
Regen    0.1/turn               o - ring of teleportation (curse)
MPRegen  0.1/turn               (no ring)

@: lethally poisoned (0 -> -6)
A: magic shield
a: no special abilities


You were on level 2 of the Dungeon.
You were not hungry.

You visited 1 branch of the dungeon, and saw 2 of its levels.

You collected 70 gold pieces.

Inventory:

Hand Weapons
 e - a +0 club
 m - a +0 short sword (weapon)
Missiles
 q - 2 throwing nets (quivered)
Armour
 d - a +0 robe (worn)
Jewellery
 o - a cursed ring of teleportation (left hand)
Scrolls
 c - a scroll of teleportation
 g - 3 scrolls of fear {unknown}
 i - a scroll of noise {unknown}
 n - a scroll of enchant weapon {unknown}
 p - a scroll of recharging {unknown}
Potions
 b - a potion of lignification
 k - a potion of flight {unknown}
Books
 a - a book of Geomancy

   Spells                             Type                      Level
   a - Sandblast                      Earth                        1
   b - Passwall                       Transmutation/Earth          2
   c - Stone Arrow                    Conjuration/Earth            3
   d - Petrify                        Transmutation/Earth          4
   e - Lee's Rapid Deconstruction     Earth                        5
Comestibles
 f - a bread ration
 h - 3 meat rations
 l - a royal jelly


   Skills:
 + Level 3.7 Fighting
 + Level 0.1 Short Blades
   Level 1.7 Staves
   Level 1.7 Shields
 + Level 1.0 Spellcasting
   Level 1.7 Earth Magic


You had 3 spell levels left.
You didn't know any spells.

Dungeon Overview and Level Annotations

Branches:
Dungeon (2/15)

Altars:


Innate Abilities, Weirdness & Mutations

When hurt, damage is shared between your health and your magic reserves.


Message History

You are lethally poisoned!
The adder poisons you! The leopard gecko closely misses you.
You hit the adder.
The adder is severely wounded.
* * * LOW HITPOINT WARNING * * *
You feel sick. The adder barely misses you. The leopard gecko bites you.
* * * LOW HITPOINT WARNING * * *
The adder bites you but does no damage. The leopard gecko bites you.
* * * LOW HITPOINT WARNING * * *
It was a potion of curing.
You feel better. The adder bites you. The leopard gecko closely misses you.
You closely miss the adder.
The adder is severely wounded.
The adder bites you.
* * * LOW HITPOINT WARNING * * *
You are lethally poisoned!
The adder poisons you! The leopard gecko bites you.
* * * LOW HITPOINT WARNING * * *
The adder bites you.
You die...

.# .# .# ... .#
.... ###.#
....###...####.
...............
.............#
#####.S.....#..
#.l@.....#
##..†...##
##...### #####


You could see an adder and a leopard gecko.

Vanquished Creatures
  A dart slug (D:2)
  2 leopard geckos
  A quokka (D:2)
  4 frilled lizards (D:1)
  2 goblins (D:1)
  A kobold (D:2)
  A rat (D:2)
12 creatures vanquished.

Vanquished Creatures (others)
  5 toadstools (D:1)
5 creatures vanquished.

Grand Total: 17 creatures vanquished

Notes
Turn   | Place    | Note
-------+----------+-------------------------------------------
     0 | D:1      | slep the Demonspawn Wanderer began the quest for the Orb.
     0 | D:1      | slep set off with: a book of Geomancy, a potion of lignification, a scroll of teleportation, a +0 robe, a +0 club, a bread ration
     0 | D:1      | Reached XP level 1. HP: 18/18 MP: 2/2
   595 | D:2      | Gained mutation: When hurt, damage is shared between your health and your magic reserves. [demonic ancestry]
   595 | D:2      | Reached XP level 2. HP: 21/24 MP: 3/3
   725 | D:2      | Slain by an adder

Action                   || total
-------------------------++-------
Melee: Short sword       ||    45
       Club              ||     4
  Use: Potion            ||     1
 Stab: Sleeping          ||     1
Armor: Robe              ||     4
Dodge: Dodged            ||    34
